 Dungeon Crawl Stone Soup version 0.20-a0-303-g575bbf7 (webtiles) character file.

71 RogueShenanigans the Conjurer (level 4, -3/24 HPs)
             Began as a Deep Elf Conjurer on Dec 16, 2016.
             Slain by Sigmund
             ... wielding a +0 scythe
              (12 damage)
             ... on level 3 of the Dungeon.
             The game lasted 00:04:23 (1760 turns).

RogueShenanigans the Conjurer (Deep Elf Conjurer)   Turns: 1760, Time: 00:04:23

Health: -3/24      AC:  4    Str:  5    XL:     4   Next: 5%
Magic:  4/12       EV: 13    Int: 21    God:
Gold:   158        SH:  0    Dex: 15    Spells: 5/11 levels left

rFire  . . .     SeeInvis .     h - +2 whip (flame)
rCold  . . .     Gourm    .     a - +0 robe
rNeg   . . .     Faith    .     (no shield)
rPois  .         Spirit   .     p - +0 helmet
rElec  .         Reflect  .     e - +0 cloak
rCorr  .         Harm     .     (no gloves)
MR     .....                    (no boots)
Stlth  ++........               (no amulet)
                                (no ring)
                                k - ring of flight

@: no status effects
A: no striking features
a: Evoke Flight


You were on level 3 of the Dungeon.
You were not hungry.

You visited 1 branch of the dungeon, and saw 3 of its levels.

You collected 158 gold pieces.

Inventory:

Hand Weapons
 h - a +2 whip of flaming (weapon)
Armour
 a - a +0 robe (worn)
 e - a +0 cloak (worn)
 p - a +0 helmet (worn)
Jewellery
 k - a ring of flight (left hand)
 s - an uncursed amulet of regeneration {unknown}
Scrolls
 f - a scroll of random uselessness {unknown}
 g - 2 scrolls of recharging {unknown}
 i - 2 scrolls of immolation {unknown}
 l - 2 scrolls of enchant armour {unknown}
 n - 4 scrolls of remove curse {unknown}
 o - a scroll of identify {unknown}
 r - a scroll of magic mapping {unknown}
 u - a scroll of enchant weapon {unknown}
Potions
 d - 2 potions of lignification {unknown}
 j - a potion of agility {unknown}
 m - a potion of ambrosia {unknown}
 q - a potion of heal wounds {unknown}
 t - a potion of flight {unknown}
Books
 b - a book of Conjurations

   Spells                             Type                      Level
   a - Magic Dart                     Conjuration                  1
   b - Searing Ray                    Conjuration                  2
   c - Dazzling Spray                 Conjuration/Hexes            3
   d - Fulminant Prism                Conjuration/Hexes            4
   e - Iskenderun's Mystic Blast      Conjuration                  4
   f - Iskenderun's Battlesphere      Conjuration/Charms           5
Comestibles
 c - 2 bread rations


   Skills:
 - Level 2.4 Dodging
 - Level 2.4 Stealth
 + Level 4.2 Spellcasting
 * Level 5.5 Conjurations


You had 5 spell levels left.
You knew the following spells:

 Your Spells              Type           Power        Failure   Level  Hunger
a - Magic Dart            Conj           ####         1%          1    None
b - Searing Ray           Conj           ####..       1%          2    #......
c - Dazzling Spray        Conj/Hex       ###...       14%         3    ###....


Dungeon Overview and Level Annotations

Branches:
Dungeon (3/15)

Altars:
Cheibriados
Gozag
Xom
Zin

Annotations:
D:3 Sigmund


Message History

You finish channeling your searing ray.
Something hits you!
Ouch! That really hurt!
Something hits you.
Casting: Searing Ray
Confirm with . or Enter, or press ? or * to list all spells.
You can't see any susceptible monsters within range! (Use Z to cast anyway.)
Casting: Searing Ray
Confirm with . or Enter, or press ? or * to list all spells.
You can't see any susceptible monsters within range! (Use Z to cast anyway.)
Casting: Searing Ray
Confirm with . or Enter, or press ? or * to list all spells.
You can't see any susceptible monsters within range! (Use Z to cast anyway.)
Casting: Searing Ray
Confirm with . or Enter, or press ? or * to list all spells.
Aiming: Searing Ray
Press: ? - help, Shift-Dir - straight line The searing ray hits something.
Something hits you!
Ouch! That really hurt!
You die...

...#####.# #. .
+.....## #.
##...... #. #......
#. #...... #.
#...... #{ #....>.
#.######+####......
#.@.........[......
#####..............
###..............
#................
#..........####..
#..........# #..
#..........# #..
###........# #..
#.......... ...


There were no monsters in sight!

Vanquished Creatures
  An adder (D:3)
  An ooze (D:3)
  2 worms
  3 leopard geckos
  An orc (D:3)
  2 giant cockroaches (D:1)
  6 goblins
  6 hobgoblins
  6 jackals
  A kobold (D:2)
  2 ball pythons (D:2)
  6 bats
  4 frilled lizards
  6 rats
47 creatures vanquished.

Notes
Turn   | Place    | Note
-------+----------+-------------------------------------------
     0 | D:1      | RogueShenanigans the Deep Elf Conjurer began the quest for the Orb.
     0 | D:1      | Reached XP level 1. HP: 10/10 MP: 6/6
   141 | D:1      | Reached XP level 2. HP: 15/15 MP: 4/8
   601 | D:2      | Reached skill level 5 in Conjurations
   661 | D:2      | Learned a level 2 spell: Searing Ray
   664 | D:2      | Found a faded altar of an unknown god.
   760 | D:2      | Reached XP level 3. HP: 19/19 MP: 2/10
   771 | D:2      | Learned a level 3 spell: Dazzling Spray
   777 | D:2      | Found a shimmering altar of Xom.
   783 | D:2      | Found an opulent altar of Gozag.
   785 | D:2      | Found a glowing silver altar of Zin.
  1523 | D:3      | Reached XP level 4. HP: 24/24 MP: 6/12
  1596 | D:3      | Found a snail-covered altar of Cheibriados.
  1753 | D:3      | Noticed Sigmund
  1760 | D:3      | Slain by Sigmund

Vault maps used:
D:1:      minmay_arrival_plants_in_alcoves
D:2:      grunt_temple_overflow_open, chequers_ecumenical_altar_simple_redux,
          hangedman_decor_growths
D:3:      corexii_shack_village, lemuel_crystal_altar,
          gammafunk_temple_overflow_pools, uniq_sigmund

Skill      XL: |  1  2  3 |
---------------+----------+-----
Conjurations   | 5 |  5.5
Spellcasting   | 4 |  4.2
Dodging        | |  2.4
Stealth        | |  2.4

Action                   |  1- 3 |  4- 6 || total
-------------------------+-------+-------++-------
Melee: Whip              |     3 |       ||     3
 Cast: Magic Dart        |    88 |     8 ||    96
       Searing Ray       |       |     2 ||     2
  Eat: Chunk             |     2 |       ||     2
Armor: Robe              |     4 |       ||     4
Dodge: Dodged            |     5 |       ||     5
